 Dungeon Crawl Stone Soup version 0.27-a0-1048-g7ee7857c10 (webtiles) character file.

Game seed: 6549448210837252416

63 DarkShadow the Covered (level 3, 0/32 (33) HPs)
             Began as a Minotaur Fighter on Apr 20, 2021.
             Slain by a gnoll
             ... wielding a +0 spear
              (1 damage)
             ... on level 2 of the Dungeon.
             The game lasted 00:03:57 (2618 turns).

DarkShadow the Covered (Minotaur Fighter)           Turns: 2618, Time: 00:03:58

HP:   0/32 (33)     AC:  7    Str: 21    XL:     3   Next: 89%
MP:   2/2           EV:  7    Int:  5    God:
Gold: 42            SH:  9    Dex:  9    Spells: 2/2 levels left

rFire    . . .     SeeInvis .   a - +0 long sword
rCold    . . .     Faith    .   c - +0 kite shield
rNeg     . . .     Spirit   .   b - +0 scale mail
rPois    .         Reflect  .   (helmet restricted)
rElec    .         Harm     .   e - scarf {repulsion}
rCorr    .         Rampage  .   (no gloves)
Will     .....                  (no boots)
Stlth    ..........             (no amulet)
HPRegen  0.10/turn              (no ring)
MPRegen  0.08/turn              (no ring)

@: mighty, lightly drained, repel missiles
A: horns 2, retaliatory headbutt
a: no special abilities


You were on level 2 of the Dungeon.
You visited 1 branch of the dungeon, and saw 2 of its levels.

You collected 42 gold pieces.

Inventory:

Hand Weapons
 a - a +0 long sword (weapon)
Armour
 b - a +0 scale mail (worn)
 c - a +0 kite shield (worn)
 e - a scarf of repulsion (worn)
Jewellery
 f - a ring of fire
Scrolls
 i - a scroll of vulnerability
 j - a scroll of magic mapping {unknown}
 n - a scroll of amnesia {unknown}
Potions
 d - a potion of might
 g - 2 potions of curing {unknown}
 k - a potion of mutation {unknown}
 l - a potion of lignification {unknown}
 m - a potion of attraction {unknown}


   Skills:
 + Level 4.2 Fighting
 + Level 3.3 Long Blades
 + Level 4.3 Armour
 + Level 0.3 Dodging
 + Level 4.2 Shields


You had 2 spell levels left.
You didn't know any spells.
Your spell library was empty.

Dungeon Overview and Level Annotations

Branches:
Dungeon (2/15)

Altars:
Yredelemnul

Annotations:
D:2 Robin


Innate Abilities, Weirdness & Mutations

You have a pair of horns on your head.
You reflexively headbutt those who attack you in melee.


Message History

The endoplasm hits you but does no damage.
You slash the endoplasm!
You kill the endoplasm!
You block the goblin's attack. The hobgoblin hits you.
The goblin hits you but does no damage. You block the gnoll's attack.
You block the gnoll's attack. You block the goblin's attack.
You block the gnoll's attack. The gnoll hits you with a +0 spear.
You closely miss the gnoll. You block the hobgoblin's attack.
You block the gnoll's attack. The goblin closely misses you.
The gnoll hits you but does no damage. The gnoll hits you with a +0 spear.
You block the hobgoblin's attack. The gnoll hits you with a +0 spear.
You hit the gnoll.
The gnoll is lightly wounded.
You block the hobgoblin's attack.
The gnoll hits you from afar with a +0 spear of freezing.
The gnoll freezes you. You block the goblin's attack.
The gnoll hits you with a +0 spear. You block the hobgoblin's attack.
The gnoll hits you but does no damage. The goblin barely misses you.
The hobgoblin barely misses you. The gnoll barely misses you.
You barely miss the gnoll.
The gnoll is lightly wounded.
The gnoll hits you with a +0 spear.
* * * LOW HITPOINT WARNING * * *
The hobgoblin hits you but does no damage.
You block the gnoll's attack. The goblin hits you but does no damage.
The hobgoblin completely misses you. You furiously retaliate!
You headbutt the hobgoblin!
You kill the hobgoblin!
You block the gnoll's attack. The gnoll hits you with a +0 spear.
* * * LOW HITPOINT WARNING * * *
The hobgoblin hits you.
* * * LOW HITPOINT WARNING * * *
You slash the gnoll!
The gnoll is almost dead.
The gnoll hits you but does no damage. The goblin closely misses you.
The gnoll closely misses you. You block the gnoll's attack.
The quokka barely misses you. You furiously retaliate!
You headbutt the quokka!
You kill the quokka!
You block the hobgoblin's attack. The gnoll hits you with a +0 spear.
You die...

..> ... #g# #.# .##
#.# #
.(..########.##.####
........gg.........#
#...†g@gg.........
########.####.##.#
#.# #.# #.. ###


You could see 3 gnolls, a hobgoblin and a goblin.

Vanquished Creatures
  A centaur zombie (D:2)
  Jessica (D:2)
  2 howler monkey zombies (D:2)
  3 endoplasms
  8 goblins
  4 hobgoblins (D:2)
  A kobold (D:1)
  3 quokkas (D:2)
  7 ball pythons
  A bat (D:1)
  3 frilled lizards (D:1)
  5 rats
39 creatures vanquished.

Notes
Turn   | Place    | Note
-------+----------+-------------------------------------------
     0 | D:1      | DarkShadow the Minotaur Fighter began the quest for the
                  | Orb.
     0 | D:1      | Reached XP level 1. HP: 19/19 MP: 0/0
   371 | D:1      | Reached XP level 2. HP: 27/27 MP: 1/1
   892 | D:2      | Found a faded altar of an unknown god.
   918 | D:2      | Became a worshipper of Yredelemnul the Dark
   918 | D:2      | Reached * piety under Yredelemnul
   919 | D:2      | Fell from the grace of Yredelemnul
  1098 | D:2      | Noticed Jessica
  1118 | D:2      | Killed Jessica
  1119 | D:2      | Reached XP level 3. HP: 3/33 MP: 2/2
  2574 | D:2      | Noticed Robin
  2617 | D:2      | HP: 1/32 [hobgoblin (2)]
  2618 | D:2      | Slain by a gnoll

Illustrated notes

Levels and vault maps discovered:
D:1:      amcnicky_arrival_flooded_fountain, layout_basic
D:2:      layout_loops_ring, hellmonk_ecumenical_altar_pennies_from_heaven,
          basic_altar, uniq_jessica, uniq_robin

Skill      XL: |  1  2 |
---------------+-------+-----
Fighting       | 4 |  4.2
Shields        | 4 |  4.2
Armour         | 4 |  4.3
Long Blades    | 3 |  3.3
Dodging        | |  0.3

Action                   || total
-------------------------++-------
Melee: Long sword        ||    84
       Headbutt          ||    14
Invok: Renounce Religion ||     1
  Use: Scroll            ||     1
       Potion            ||     1
Armor: Scale mail        ||    48
Dodge: Dodged            ||    34
Block: Kite shield       ||    73
       Rpst.: Long sword ||     4

Table legend: (Time is in decaauts)
 A = Elapsed time spent in this place.
 B = Non-inter-level travel time spent in this place.
 C = Inter-level travel time spent in this place.
 D = Time resting spent in this place.
 E = Time spent auto-exploring this place.
 F = Levels seen in this place.
 G = Mean time per level.
                   A        B        C        D        E       F      G
               +--------+--------+--------+--------+--------+-----+--------+
         Total |   2662 |   2662 |      0 |   1413 |    910 |   2 | 1331.0 |
       Dungeon |   2662 |   2662 |      0 |   1413 |    910 |   2 | 1331.0 |
               +--------+--------+--------+--------+--------+-----+--------+

Top non-repeatable levels by time:
     D:2: 1764 daAuts
     D:1: 898 daAuts
